Map: [ESL] Moondance

Players

Spirit

  • Race: Terran Terran
  • Spawn Location: 6:00

Rattata - Winner!

  • Race: Zerg Zerg
  • Spawn Location: 12:00

Event: DreamHack SC2 Masters 2022 Atlanta (Online)

VOD

Have the link to the VOD?

Description

Time

  • Played on: Oct. 5, 2022, 11:12 a.m.
  • Length: 3:17

All games in this series

Show
View Real Time Build Order
Export as new Build Order

Spirit Terran 

Build Orders: Command Center First (CC) 

Get SALT Encoding   

  12  0:00  SCV  
  13  0:12  SCV  
  14  0:17  Supply Depot  
  14  0:24  SCV  
  15  0:38  SCV  
  16  0:50  SCV  
  17  0:59  Command Center  
  17  1:03  SCV  
  18  1:13  Barracks  
  18  1:16  SCV  
  19  1:22  Refinery  
  19  1:28  SCV  
  19  1:29  Refinery  
  20  1:40  SCV  
  21  1:52  SCV  
  22  2:00  Reaper  
  23  2:04  Orbital Command  
  23  2:10  Orbital Command  
  23  2:18  Factory  
  23  2:25  Supply Depot  
  23  2:30  SCV  
  23  2:34  Barracks Reactor  
  23  2:36  SCV  
  25  2:42  SCV  
  26  2:51  Bunker  
  26  2:52  SCV  
  26  2:55  SCV  
  26  2:57  Bunker  
  28  3:00  Supply Depot  
  28  3:02  Factory Tech Lab  
  28  3:05  SCV  
  30  3:11  Factory Tech Lab  
Show
View Real Time Build Order
Export as new Build Order

Rattata Zerg - Winner!

Build Orders: Hatch First 

Get SALT Encoding   

  12  0:00  Drone  
  13  0:35  Hatchery  
  12  0:47  Spawning Pool  
  11  0:51  Drone  
  11  0:55  Drone  
  13  1:00  Drone  
  14  1:08  Drone, Extractor  
  14  1:19  Drone, Extractor  
  14  1:28  Overlord  
  14  1:35  Roach Warren  
  14  1:39  Drone  
  14  1:47  Drone  
  15  1:56  Drone  
  16  2:15  Roach x2  
  20  2:16  Roach  
  22  2:25  Overlord  
  22  2:33  Roach  
  24  2:41  Roach  
  26  2:48  Roach  
  30  3:06  Ravager  
Tags
 
Add a new tag
Caveats
  • Supply blocks, unpowered buildings, or Contaminate may cause inaccurate times.
  • Supply counts are checked every 10 seconds.